 Dungeon Crawl Stone Soup version 0.23.2-33-g5129a83184 (webtiles) character file.

Game seed: 17294867553020529984

1988 microfolk the Ducker (level 9, 0/76 HPs)
             Began as an Octopode Ice Elementalist on July 9, 2019.
             Was an Initiate of Gozag.
             Slain by a killer bee (2 damage)
             ... on level 7 of the Dungeon.
             The game lasted 00:33:30 (11525 turns).

microfolk the Ducker (Octopode Ice Elementalist)   Turns: 11525, Time: 00:33:30

Health: 0/76       AC:  1    Str: 13    XL:     9   Next: 21%
Magic:  5/18       EV: 16    Int: 20    God:    Gozag
Gold:   916        SH:  0    Dex: 12    Spells: 13/20 levels left

rFire    . . .     SeeInvis .   a - +5 trident
rCold    + . .     Gourm    .   (no shield)
rNeg     . . .     Faith    .   (helmet restricted)
rPois    +         Spirit   .   (no amulet)
rElec    +         Reflect  .   p - ring of the King {+Inv rElec rPois rC+}
rCorr    .         Harm     .   (no ring)
MR       .....                  (no ring)
Stlth    ..........             (no ring)
HPRegen  0.22/turn              (no ring)
MPRegen  0.16/turn              (no ring)
                                (no ring)
                                (no ring)

@: berserking (expiring), gold aura, very slightly contaminated, very quick
A: almost no armour, stealthy swim, amphibious, 8 rings, constrict 8, camouflage
1, gelatinous body 1
a: Potion Petition, Call Merchant, Bribe Branch, Renounce Religion, Evoke
Invisibility


You were on level 7 of the Dungeon.
You worshipped Gozag.
Gozag was pleased with you.
You were hungry.

You visited 2 branches of the dungeon, and saw 8 of its levels.
You also visited: Ossuary.

You collected 3534 gold pieces.
You spent 672 gold pieces at shops.
You paid 1946 gold pieces to Gozag.

Inventory:

Hand Weapons
 a - a +5 trident (weapon)
 d - a +0 hunting sling
 q - a +0 hunting sling
Missiles
 f - 168 stones (quivered)
Armour
 h - a +0 shield
Jewellery
 k - an uncursed ring of protection from magic {unknown}
 p - the ring of the King (left tentacle) {+Inv rElec rPois rC+}
   (You bought it in a shop on level 5 of the Dungeon)

   [ring of poison resistance]

   It protects you from cold.
   It insulates you from electricity.
   It protects you from poison.
   It lets you turn invisible.
Wands
 t - a wand of flame (8)
Scrolls
 c - 3 scrolls of immolation
 n - 4 scrolls of teleportation
 o - a scroll of fog
 r - 2 scrolls of fear
 v - a scroll of magic mapping {unknown}
Potions
 g - 2 potions of flight
 j - 2 potions of heal wounds {@q2}
 l - 4 potions of curing {@q1}
 s - 2 potions of ambrosia
 u - a potion of brilliance
 w - a potion of invisibility {unknown}
 x - a potion of lignification {unknown}
Comestibles
 b - 4 rations


   Skills:
 + Level 6.6 Dodging
 - Level 5.0 Stealth
 * Level 6.1 Spellcasting
 - Level 1.0 Conjurations
 - Level 4.1 Summonings
 - Level 5.0 Ice Magic
 + Level 3.6 Evocations


You had 13 spell levels left.
You knew the following spells:

 Your Spells              Type           Power        Failure   Level  Hunger
a - Freeze                Ice            ####         1%          1    None
b - Throw Frost           Conj/Ice       ###...       4%          2    None
c - Summon Ice Beast      Ice/Summ       ###.....     16%         4    ####...

Your spell library contained the following spells:

 Spells                   Type           Power        Failure   Level  Hunger
 Ozocubu's Armour         Chrm/Ice       ###.....     11%         3    ##.....
 Throw Icicle             Conj/Ice       ###.....     30%         4    ####...


Dungeon Overview and Level Annotations

Branches:
Dungeon (7/15)             Temple (1/1) D:5

Altars:
Ashenzari
Gozag
Hepliaklqana
Kikubaaqudgha
Makhleb
Nemelex Xobeh
Qazlal
Ru
Trog
Vehumet
Wu Jian
Zin

Shops:
D:5 (=

Annotations:
D:3 exclusion: 2 downstairs
D:5 exclusion: ice beast
D:7 Menkaure


Innate Abilities, Weirdness & Mutations

You cannot wear most types of armour.
You are very stealthy in the water. (Stealth+)
You are amphibious.
You can wear up to eight rings at the same time.
You can use your tentacles to constrict eight enemies at once.
Your skin changes colour to match your surroundings (Stealth+).
Your rubbery body absorbs attacks. (AC +1, EV +1)


Message History

The killer bee closely misses you. The wyvern misses you.
You puncture the wyvern!
You kill the wyvern!
Your Spellcasting skill increases to level 6!
The killer bee barely misses you. The killer bee stings you.
* * * LOW HITPOINT WARNING * * *
You miss the killer bee. Your grab misses the killer bee.
The killer bee closely misses you.
Your ice beast misses the killer bee.
The killer bee stings you!
* * * LOW HITPOINT WARNING * * *
You barely miss the killer bee. Your grab misses the killer bee.
The killer bee closely misses you.
Your ice beast completely misses the killer bee.
The killer bee stings you.
* * * LOW HITPOINT WARNING * * *
You puncture the killer bee! You grab the killer bee.
The killer bee is severely wounded.
You constrict the killer bee. The killer bee stings you.
You die...
Your body crumbles into a pile of gold.

.a..# #.....# ...O# ##...#
...# #...>###... ..#
##$#...$...# #.# #..#.....#.#
#.### ###........... #...###
###.............
###...#######.$y...........#
###.........@Y............
####...##..$............
########>.)..................
.................#........y
########......##......#....
#.......##.....#....
#........##....# ..
###.......##...# .
#........## .#


You could see a killer bee and a friendly ice beast.

Vanquished Creatures
  Sigmund (D:2)
  A wyvern (D:7)
  An ice beast (D:6)
  2 centaurs
  2 bullfrogs (D:6)
  2 elf zombies (Ossuary)
  2 scorpions
  2 killer bees (D:7)
  A howler monkey (D:5)
  A crimson imp (D:6)
  3 hounds
  A bullfrog zombie (D:6)
  A centaur zombie (Ossuary)
  3 orc wizards (D:6)
  2 orc priests
  A gnoll shaman (D:3)
  An iguana (D:6)
  A worker ant (D:6)
  A hound zombie (Ossuary)
  3 mummies (Ossuary)
  A worker ant zombie (D:5)
  5 gnolls
  9 adders
  2 oozes (D:4)
  4 adder zombies (Ossuary)
  3 worms
  3 dart slugs
  6 leopard geckos
  12 orcs
  3 ball pythons
  11 giant cockroaches
  2 gnoll zombies (Ossuary)
  11 goblins
  8 hobgoblins
  16 jackals
  3 quokkas
  3 bats
  7 frilled lizards
  2 goblin zombies (Ossuary)
  8 hobgoblin zombies (Ossuary)
  4 jackal zombies (Ossuary)
  3 kobolds (D:1)
  3 kobold zombies (Ossuary)
  2 leopard gecko skeletons
  An orc zombie (Ossuary)
  2 quokka zombies (Ossuary)
  8 rats
  4 rat zombies (Ossuary)
178 creatures vanquished.

Vanquished Creatures (collateral kills)
  A hippogriff (D:6)
  An ogre (D:7)
  2 killer bees (D:7)
  A worker ant (D:7)
  An orc (D:6)
6 creatures vanquished.

Grand Total: 184 creatures vanquished

Notes
Turn   | Place    | Note
-------+----------+-------------------------------------------
     0 | D:1      | microfolk the Octopode Ice Elementalist began the quest for
                  | the Orb.
     0 | D:1      | Reached XP level 1. HP: 11/11 MP: 3/3
   541 | D:1      | Reached XP level 2. HP: 11/17 MP: 1/5
   721 | D:1      | Learned a level 2 spell: Throw Frost
  1455 | D:1      | Reached XP level 3. HP: 18/21 MP: 4/6
  2905 | D:2      | Reached XP level 4. HP: 27/27 MP: 3/7
  2946 | D:2      | Noticed Sigmund
  2999 | D:2      | Killed Sigmund
  2999 | D:2      | Reached XP level 5. HP: 14/31 MP: 2/8
  3196 | D:2      | Reached skill level 5 in Stealth
  3253 | D:2      | Reached XP level 6. HP: 36/36 MP: 3/9
  3259 | D:2      | Learned a level 4 spell: Summon Ice Beast
  3269 | D:2      | Found a bloodstained altar of Trog.
  3815 | D:2      | Reached skill level 5 in Ice Magic
  4407 | D:3      | Found a faded altar of an unknown god.
  4482 | D:3      | Found a stormy altar of Qazlal.
  4764 | D:3      | Reached skill level 1 in Summonings
  5106 | D:3      | Found a sparkling altar of Nemelex Xobeh.
  5898 | D:4      | Reached XP level 7. HP: 41/41 MP: 10/10
  6402 | D:5      | Entered Level 5 of the Dungeon
  6701 | D:5      | Found a sand-covered staircase.
  6724 | Ossuary  | Entered an ossuary
  7894 | Ossuary  | Reached skill level 5 in Dodging
  8245 | Ossuary  | Reached XP level 8. HP: 45/46 MP: 4/12
  8284 | D:5      | Identified a scroll of acquirement
  8761 | D:5      | Found a staircase to the Ecumenical Temple.
  8773 | Temple   | Entered the Ecumenical Temple
  8902 | Temple   | Became a worshipper of Gozag Ym Sagoz the Greedy
  8918 | D:5      | Bought the ring of the King {+Inv rElec rPois rC+} for 672
                  | gold pieces
  9593 | D:6      | Reached skill level 1 in Evocations
 10771 | D:6      | Reached skill level 5 in Spellcasting
 10781 | D:6      | Found a bloodstained altar of Trog.
 10868 | D:7      | Noticed Menkaure
 10907 | D:7      | Noticed a hippogriff
 11210 | D:6      | Killed a hippogriff
 11348 | D:7      | Reached XP level 9. HP: 40/51 MP: 17/17
 11349 | D:7      | Found a shattered altar of Ashenzari.
 11524 | D:7      | HP: 2/76 [killer bee (4)]
 11525 | D:7      | Slain by a killer bee

Skill      XL: |  1  2  3  4  5  6  7  8  9 |
---------------+----------------------------+-----
Stealth        | 3 4 5 |  5.0
Dodging        | 3 4 5 6 |  6.6
Ice Magic      | 4 5 |  5.0
Summonings     | 2 4 |  4.1
Spellcasting   | 3 5 6 |  6.1
Evocations     | 3 |  3.6
Conjurations   | |  1.0

Action                   |  1- 3 |  4- 6 |  7- 9 || total
-------------------------+-------+-------+-------++-------
Melee: Unarmed           |    14 |       |       ||    14
       Constrict         |    15 |    15 |    60 ||    90
       Tentacles         |     7 |     4 |    47 ||    58
       Dagger            |    44 |    56 |   195 ||   295
       Trident           |       |       |    55 ||    55
Throw: Stone             |    31 |    16 |    28 ||    75
 Cast: Freeze            |    32 |    26 |    46 ||   104
       Throw Frost       |    17 |    40 |    45 ||   102
       Summon Ice Beast  |       |       |     9 ||     9
Invok: Call Merchant     |       |       |     2 ||     2
       Potion Petition   |       |       |     2 ||     2
  Use: Scroll            |     5 |     1 |    11 ||    17
       Potion            |       |       |     1 ||     1
 Stab: Sleeping          |     3 |    10 |     7 ||    20
       Distracted        |     1 |       |     3 ||     4
  Eat: Chunk             |     8 |    12 |     4 ||    24
       Ration            |       |       |     5 ||     5
Armor: Skin              |     4 |       |    12 ||    16
Dodge: Dodged            |    50 |    38 |   178 ||   266
